 Dungeon Crawl Stone Soup version 0.27.1-3-gb3d3a73c9e (webtiles) character file.

Game seed: 7622016104367438854

11 belegose the Vexing (level 2, 0/22 HPs)
             Began as a Barachi Arcane Marksman on Oct 5, 2021.
             Slain by a jackal (1 damage)
             ... on level 1 of the Dungeon.
             The game lasted 00:02:09 (694 turns).

belegose the Vexing (Barachi Arcane Marksman)        Turns: 694, Time: 00:02:09

Health: 0/22       AC:  5    Str: 11    XL:     2   Next: 29%
Magic:  3/3        EV: 10    Int: 13    God:
Gold:   18         SH:  0    Dex: 12    Spells: 2/3 levels left

rFire    . . .     SeeInvis .   d - +0 club
rCold    . . .     Faith    .   (no shield)
rNeg     . . .     Spirit   .   e - +0 ring mail
rPois    .         Reflect  .   (no helmet)
rElec    .         Harm     .   (no cloak)
rCorr    .         Rampage  .   (no gloves)
Will     .....                  (no boots)
Stlth    +.........             (no amulet)
HPRegen  0.07/turn              (no ring)
MPRegen  0.08/turn              (no ring)

@: unable to hop, slow
A: amphibious, slowness 1, strong legs 1, +LOS
a: Hop


You were on level 1 of the Dungeon.
You visited 1 branch of the dungeon, and saw 1 of its levels.

You collected 18 gold pieces.

Inventory:

Hand Weapons
 d - a +0 club (weapon)
Missiles
 b - 5 javelins (quivered)
 c - 2 throwing nets
 g - 22 bolts
Armour
 e - a +0 ring mail (worn)
Scrolls
 f - a scroll of teleportation {unknown}
Potions
 a - a potion of haste {unknown}


   Skills:
 + Level 1.7 Fighting
 + Level 2.2 Throwing
 + Level 1.0 Armour
 + Level 2.4 Dodging
 - Level 1.1 Spellcasting
 - Level 3.2 Hexes


You had 2 spell levels left.
You knew the following spells:

 Your Spells              Type           Power      Damage    Failure   Level
a - Corona                Hex            10%        N/A       17%         1

Your spell library contained the following spells:

 Spells                   Type           Power      Damage    Failure   Level
 Slow                     Hex            9%         N/A       26%         2
 Inner Flame              Hex/Fire       4%         N/A       69%         3
 Portal Projectile        Hex/Tloc       8%         N/A       69%         3
 Cause Fear               Hex            4%         N/A       86%         4


Dungeon Overview and Level Annotations

Branches:
Dungeon (1/15)

Altars:


Innate Abilities, Weirdness & Mutations

You are amphibious.
You cover ground slowly.
You can hop short distances.
You have an extended range of vision and can be seen from far away.


Message History

The jackal is almost dead.
The jackal misses you. The jackal barely misses you.
You miss the jackal.
The jackal is almost dead.
The jackal closely misses you.
The jackal bites you but does no damage.
You closely miss the jackal.
The jackal is almost dead.
The jackal bites you but does no damage. x2
You hit the jackal.
You kill the jackal!
The ball python bites you but does no damage.
The ball python barely misses you.
You closely miss the ball python.
The ball python bites you but does no damage.
The ball python misses you.
The ball python bites you but does no damage.
The ball python grabs you. The ball python constricts you.
* * * LOW HITPOINT WARNING * * *
You closely miss the ball python. The ball python bites you.
* * * LOW HITPOINT WARNING * * *
The ball python constricts you.
Unknown command.
You closely miss the ball python. The ball python bites you.
* * * LOW HITPOINT WARNING * * *
The ball python constricts you. The ball python closely misses you.
The ball python constricts you.
You hit the ball python.
The ball python is severely wounded.
The ball python bites you but does no damage.
The ball python constricts you.
Unknown command.
You hit the ball python.
You kill the ball python!
The jackal barely misses you.
Your Armour skill increases to level 1!
You hit the jackal.
The jackal is heavily wounded.
The jackal bites you.
You die...

...+.........g.S..........#......
...#.............#g..##..........
.###.............+g...#..........
..........#......#....#.......###
......##+#########S...###......#
......................# #......#
................##.#.####......##
..............###hg#..##.........
..............##@#.#.#.##......##
.####......†..##.#.#.#.##......#
..............#.##.#.##.#......#
#.....#......##.##.#.##.##.....#
......#..........+.+.+ ........#
.............##.##.#.# .##.....#
......###.....#.##.#.##.#......##
........#.....##.#.#.#.##.......†
..[.....#.....##.#.#.#.##.......#


You could see a jackal and a hobgoblin.

Vanquished Creatures
  An endoplasm (D:1)
  A giant cockroach (D:1)
  A jackal (D:1)
  A quokka (D:1)
  3 ball pythons (D:1)
  A frilled lizard (D:1)
  3 rats (D:1)
11 creatures vanquished.

Notes
Turn   | Place    | Note
-------+----------+-------------------------------------------
     0 | D:1      | belegose the Barachi Arcane Marksman began the quest for
                  | the Orb.
     0 | D:1      | Reached XP level 1. HP: 15/15 MP: 2/2
   561 | D:1      | Reached XP level 2. HP: 16/21 MP: 3/3
   691 | D:1      | HP: 1/22 [ball python (2)]
   694 | D:1      | Reached skill level 1 in Armour
   694 | D:1      | Slain by a jackal

Illustrated notes

Levels and vault maps discovered:
D:1:      saegor_arrival_miasma, layout_basic,
          dreamdust_ecumenical_altar_sealed_demon, interstate_on_off

Skill      XL: |  1  2 |
---------------+-------+-----
Armour         | 1 |  1.0
Fighting       | |  1.7
Throwing       | |  2.2
Dodging        | |  2.4
Spellcasting   | |  1.1
Hexes          | |  3.2

Action                   || total
-------------------------++-------
Melee: Unarmed           ||    25
       Club              ||    37
 Abil: Hop               ||     1
Armor: Robe              ||     7
       Ring mail         ||    24
Dodge: Dodged            ||    62
